 Dungeon Crawl Stone Soup version 0.26-a0-259-g1effd001a9 (webtiles) character file.

Game seed: 3747081991639419547

1033 Esekla the Digger (level 8, -1/60 HPs)
             Began as a Formicid Earth Elementalist on July 11, 2020.
             Slain by a gnoll sergeant
             ... wielding a +0 trident
              (5 damage)
             ... on level 7 of the Dungeon.
             The game lasted 00:28:27 (3962 turns).

Esekla the Digger (Formicid Earth Elementalist)     Turns: 3962, Time: 00:28:27

Health: -1/60      AC:  4    Str: 14    XL:     8   Next: 48%
Magic:  16/16      EV: 12    Int: 16    God:
Gold:   224        SH:  0    Dex: 11    Spells: 14/18 levels left

rFire    + . .     SeeInvis +   g - +1 dagger (freeze)
rCold    + . .     Faith    .   (no shield)
rNeg     . . .     Spirit   .   c - +0 robe
rPois    +         Reflect  .   (helmet unavailable)
rElec    +         Harm     .   j - +1 cloak
rCorr    +                      (no gloves)
MR       .....                  (no boots)
Stlth    ++........             m - amulet of magic regeneration
HPRegen  0.20/turn              w - ring of poison resistance
MPRegen  0.40/turn              q - +4 ring of slaying

@: resistant
A: permanent stasis, dig shafts and tunnels, four strong arms, antennae 3
a: Dig, Shaft Self


You were on level 7 of the Dungeon.
You were not hungry.

You visited 1 branch of the dungeon, and saw 6 of its levels.

You collected 224 gold pieces.

Inventory:

Hand Weapons
 e - a +0 hand axe
 g - a +1 dagger of freezing (weapon)
 k - a +0 war axe
 B - a +0 halberd
Missiles
 b - 107 stones (quivered)
 h - 15 poisoned darts
 E - 5 boomerangs
Armour
 c - a +0 robe (worn)
 j - a +1 cloak (worn)
 v - a +0 ring mail of magic resistance
Jewellery
 f - an uncursed ring of resist corrosion
 m - an amulet of magic regeneration (around neck)
 p - an uncursed ring of protection from cold
 q - a +4 ring of slaying (right hand)
 w - a ring of poison resistance (left hand)
 y - an uncursed ring of positive energy
Scrolls
 a - a scroll of enchant armour
 i - a scroll of fear
 s - a scroll of fog {unknown}
Potions
 l - a potion of stabbing
 o - a potion of cancellation
 r - a potion of heal wounds {unknown}
 x - a potion of mutation
 A - a potion of brilliance
Comestibles
 d - a ration


   Skills:
 * Level 3.8 Fighting
 + Level 2.0 Short Blades
 + Level 2.4 Dodging
 + Level 4.2 Stealth
 * Level 5.7 Spellcasting
 * Level 2.9 Conjurations
   Level 1.1 Transmutations
 + Level 5.9 Earth Magic


You had 14 spell levels left.
You knew the following spells:

 Your Spells              Type           Power        Failure   Level
a - Sandblast             Erth           ###...       1%          1
b - Stone Arrow           Conj/Erth      ###...       7%          3

Your spell library contained the following spells:

 Spells                   Type           Power        Failure   Level
 Passwall                 Tmut/Erth      ###.....     4%          2
 Petrify                  Tmut/Erth      ###.....     32%         4
 Lee's Rapid Deconstruct  Erth           ###.......   34%         5


Dungeon Overview and Level Annotations

Branches:
Dungeon (7/15)
 Temple: D:4-7

Altars:
Elyvilon
Gozag
Hepliaklqana
Okawaru

Annotations:
D:4 Edmund


Innate Abilities, Weirdness & Mutations

You cannot be hasted, slowed, berserked, paralysed or teleported.
You can dig through walls and to a lower floor.
Your four strong arms can wield two-handed weapons with a shield.
You have a pair of large antennae on your head. (SInv)


Message History

Press: ? - help, v - describe, . - travel
Here: a gnoll sergeant, wielding a +0 trident, wearing a +0 ring mail and wearing a +0 buckler (almost dead)
The floor, spattered with blood.
You closely miss the gnoll sergeant.
The gnoll sergeant is almost dead.
The gnoll sergeant barely misses you.
You closely miss the gnoll sergeant.
The gnoll sergeant is almost dead.
The gnoll sergeant hits you with a +0 trident!
* * * LOW HITPOINT WARNING * * *
It was a potion of haste.
Your stasis prevents you from being hasted.
The gnoll sergeant closely misses you.
It was a potion of curing.
You feel better.
The gnoll sergeant hits you with a +0 trident!
* * * LOW HITPOINT WARNING * * *
It was a potion of resistance.
You feel protected.
The gnoll sergeant hits you with a +0 trident.
You die...

#.> ##... ...# #..# #..#
#..# #
.>...###รท.#######.#.###
.###..
#.....@ggggg.......
........###.######.##.###
....######<# .# #
#......##.# g#
#..##......##)# g#
...........##)#### .g{{
#............# ##
#........^##......
#...#.###### #####


You could see a gnoll sergeant and 4 gnolls.

Vanquished Creatures
  Prince Ribbit (D:7)
  Sigmund (D:2)
  Menkaure (D:4)
  2 ogres
  2 big kobolds (D:3)
  A hound (D:4)
  An orc priest (D:4)
  An orc wizard (D:4)
  8 gnolls
  4 adders
  A shadow imp (D:2)
  5 dart slugs
  3 leopard geckos
  7 orcs
  A ball python (D:1)
  2 giant cockroaches (D:2)
  9 goblins
  5 hobgoblins
  3 jackals (D:3)
  A quokka (D:3)
  12 bats
  4 frilled lizards
  A jackal zombie (D:7)
  13 kobolds
  A leopard gecko skeleton (D:4)
  2 quokka skeletons
  9 rats
101 creatures vanquished.

Notes
Turn   | Place    | Note
-------+----------+-------------------------------------------
     0 | D:1      | Esekla the Formicid Earth Elementalist began the quest for
                  | the Orb.
     0 | D:1      | Reached XP level 1. HP: 13/13 MP: 3/3
   223 | D:1      | Reached XP level 2. HP: 19/19 MP: 1/5
   695 | D:2      | Reached XP level 3. HP: 22/25 MP: 6/6
   767 | D:2      | Reached skill level 1 in Fighting
   866 | D:2      | Reached XP level 4. HP: 31/33 MP: 6/8
   964 | D:2      | Learned a level 3 spell: Stone Arrow
  1100 | D:2      | Noticed Sigmund
  1104 | D:2      | Killed Sigmund
  1104 | D:2      | Reached skill level 1 in Conjurations
  1104 | D:2      | Reached XP level 5. HP: 31/39 MP: 7/11
  1104 | D:2      | Reached XP level 6. HP: 37/46 MP: 7/12
  1231 | D:2      | Reached skill level 5 in Earth Magic
  1419 | D:3      | Found an opulent altar of Gozag.
  2046 | D:3      | Found an iron altar of Okawaru.
  2134 | D:3      | Reached XP level 7. HP: 36/51 MP: 10/14
  2727 | D:4      | Found a white marble altar of Elyvilon.
  2728 | D:4      | Noticed Menkaure
  2750 | D:4      | Killed Menkaure
  2750 | D:4      | Reached skill level 1 in Short Blades
  2750 | D:4      | Reached skill level 5 in Spellcasting
  3261 | D:4      | Reached XP level 8. HP: 58/58 MP: 10/15
  3361 | D:4      | Found a hazy altar of Hepliaklqana.
  3408 | D:4      | Noticed Edmund
  3424 | D:4      | You fall into a shaft and drop 2 floors!
  3662 | D:7      | Noticed Prince Ribbit
  3688 | D:7      | Killed Prince Ribbit
  3962 | D:7      | Slain by a gnoll sergeant

Illustrated notes

Levels and vault maps discovered:
D:1:      heliophobic_arrival_ceremonial_halls, layout_loops_ring,
          minmay_misc_feat_four_crosses
D:2:      layout_basic, minmay_fractal_squares_5, uniq_sigmund
D:3:      cheibrodos_thug_alley, layout_loops_corners, lemuel_doored_altar,
          nicolae_overflow_crystal_walls, wad_floor_pattern_2
D:4:      layout_loops_ring, marbit_many_paths, elyvilon_altar_5, first_ration,
          minivault_14, uniq_menkaure, uniq_edmund
D:6:      layout_basic, kennysheep_little_box, nicolae_overflow_hidden_temple,
          gammafunk_temple_overflow_pools, uniq_grinder
D:7:      layout_loops_ring, grunt_temple_overflow_diamond,
          minmay_temple_entry_slanted, serial_shops, shop, uniq_prince_ribbit1

Skill      XL: |  1  2  3  4  5  6  7  8 |
---------------+-------------------------+-----
Earth Magic    | 4 5 |  5.9
Fighting       | 1 2 3 |  3.8
Spellcasting   | 4 5 |  5.7
Dodging        | 2 |  2.4
Conjurations   | 1 2 |  2.9
Stealth        | 3 4 |  4.2
Short Blades   | 1 2 |  2.0
Transmutations | |  1.1

Action                   |  1- 3 |  4- 6 |  7- 9 || total
-------------------------+-------+-------+-------++-------
Melee: Dagger            |    25 |    65 |   109 ||   199
 Cast: Sandblast         |    34 |    23 |     6 ||    63
       Stone Arrow       |       |    12 |     8 ||    20
 Abil: Shaft Self        |       |       |     1 ||     1
  Use: Scroll            |       |     9 |     5 ||    14
       Potion            |       |       |     3 ||     3
 Stab: Sleeping          |       |     5 |     1 ||     6
  Eat: Ration            |       |     1 |     2 ||     3
Armor: Robe              |    10 |     9 |     8 ||    27
Dodge: Dodged            |    15 |    28 |    36 ||    79

Table legend:
 A = Non-vault XP
 B = Vault XP
 C = Vault XP percentage of total XP
 D = Non-vault monster count
 E = Vault monster count
 F = Vault count percentage of total count
                 A         B        C        D         E       F
            +---------+---------+-------+---------+---------+-------
      Total |     610 |     867 |  58.7 |      86 |      15 |  14.9
            +---------+---------+-------+---------+---------+-------
        D:1 |      34 |       0 |   0.0 |      21 |       0 |   0.0
        D:2 |     103 |     213 |  67.4 |      22 |       4 |  15.4
        D:3 |      65 |     199 |  75.4 |      22 |       9 |  29.0
        D:4 |     272 |     172 |  38.7 |      17 |       1 |   5.6
        D:7 |     136 |     283 |  67.5 |       4 |       1 |  20.0
            +---------+---------+-------+---------+---------+-------
